Map: Inside and Out

Players

soO - Winner!

  • Race: Zerg Zerg
  • Spawn Location: 7:00

Rengen

  • Race: Protoss Protoss
  • Spawn Location: 1:00

Event: DreamHack SC2 Masters 2022 Atlanta (Offline)

VOD

Have the link to the VOD?

Description

Time

  • Played on: Nov. 18, 2022, 12:07 p.m.
  • Length: 10:04

All games in this series

Show
View Real Time Build Order
Export as new Build Order

soO Zerg - Winner!

Build Orders: Hatch First 

Get SALT Encoding   

  12  0:00  Drone  
  13  0:11  Overlord  
  13  0:16  Drone  
  14  0:30  Drone x2  
  16  0:47  Hatchery  
  15  0:50  Drone  
  15  0:53  Drone  
  15  0:56  Drone  
  18  1:08  Extractor  
  17  1:12  Spawning Pool  
  17  1:15  Drone  
  17  1:18  Drone  
  18  1:27  Drone  
  19  1:39  Drone  
  20  1:48  Drone  
  21  1:58  Queen x2  
  21  1:59  Zergling x4  
  27  2:10  Overlord  
  27  2:11  Drone  
  28  2:19  Hatchery  
  27  2:24  Drone  
  27  2:28  Drone  
  29  2:30  Drone  
  29  2:32  Drone  
  31  2:37  Queen  
  31  2:42  Metabolic Boost  
  33  2:48  Overlord  
  33  2:49  Drone  
  34  2:52  Drone  
  34  2:54  Drone  
  36  3:03  Overlord  
  36  3:06  Queen, Drone  
  36  3:09  Drone  
  36  3:10  Drone  
  42  3:12  Drone  
  42  3:18  Queen  
  44  3:28  Drone  
  44  3:29  Drone x2  
  44  3:32  Queen, Drone  
  50  3:37  Zergling x2  
  50  3:38  Zergling x2  
  50  3:40  Drone  
  53  3:41  Drone  
  53  3:46  Drone x2  
  56  3:52  Evolution Chamber  
  56  3:54  Overlord  
  55  3:56  Drone  
  55  3:59  Drone x2  
  55  4:00  Spore Crawler  
  57  4:04  Spore Crawler  
  57  4:06  Spore Crawler  
  57  4:07  Drone  
  57  4:08  Drone x2  
  58  4:12  Overlord  
  58  4:16  Drone x3  
  61  4:19  Drone  
  61  4:20  Zerg Melee Weapons Level 1  
  61  4:23  Drone x3  
  65  4:25  Overlord  
  65  4:28  Drone  
  66  4:31  Drone  
  66  4:32  Drone x2  
  66  4:34  Overlord  
  69  4:42  Baneling Nest, Drone x2  
  69  4:43  Drone  
  69  4:45  Overlord  
  71  4:46  Drone x3  
  71  4:49  Drone  
  71  4:52  Extractor  
  74  4:53  Zergling x6  
  74  4:54  Drone  
  74  4:57  Drone  
  79  5:03  Zergling x6  
  79  5:04  Zergling x2  
  82  5:07  Drone  
  82  5:09  Drone  
  82  5:11  Extractor  
  82  5:12  Extractor  
  82  5:16  Lair  
  82  5:17  Drone x3  
  85  5:23  Overlord  
  85  5:26  Roach Warren, Drone x2, Hatchery  
  85  5:28  Drone x3  
  88  5:30  Extractor  
  88  5:32  Overlord  
  87  5:36  Drone  
  87  5:38  Drone  
  89  5:46  Overlord  
  89  5:47  Hatchery  
  89  5:48  Drone  
  89  5:54  Zergling x18  
  97  6:00  Drone x2  
  99  6:11  Roach x6  
  111  6:15  Glial Reconstitution  
  111  6:16  Overseer  
  111  6:17  Centrifugal Hooks  
  110  6:20  Zergling x6, Roach x2  
  116  6:29  Overseer  
  116  6:32  Zerg Melee Weapons Level 2  
  116  6:36  Roach x2  
  119  6:43  Roach  
  119  6:44  Roach x3  
  126  6:53  Drone x2  
  126  6:54  Drone x2  
  126  6:56  Roach x2  
  126  6:57  Overlord  
  126  6:58  Overlord x2  
  126  6:59  Overlord  
  126  7:00  Drone  
  129  7:02  Overlord  
  129  7:03  Overlord  
  128  7:08  Overlord  
  128  7:11  Drone x8  
  128  7:12  Spore Crawler  
  130  7:21  Drone x3  
  130  7:22  Drone x2  
  128  7:27  Roach x3  
  127  7:31  Zergling x8  
  127  7:35  Queen  
  133  7:39  Evolution Chamber  
  133  7:41  Zergling x12  
  138  7:48  Spore Crawler  
  138  7:49  Zergling x12  
  143  7:54  Zergling x10  
  148  7:59  Infestation Pit  
  148  8:03  Zergling x8  
  151  8:06  Overlord  
  151  8:09  Zergling x14, Hatchery  
  157  8:17  Baneling x3  
  157  8:18  Baneling x21  
  157  8:19  Ravager  
  158  8:20  Ravager x3  
  158  8:24  Drone x3  
  158  8:25  Extractor  
  158  8:26  Zergling x12  
  167  8:33  Zergling x4  
  167  8:34  Zergling x8  
  167  8:38  Infestation Pit  
  156  8:41  Queen  
  156  8:47  Zergling x24  
  157  9:00  Roach  
  157  9:01  Zergling x10, Roach x2  
  156  9:07  Zergling x14  
  158  9:13  Ravager x2  
  158  9:15  Ravager x2  
  162  9:21  Baneling x12  
  162  9:22  Zergling x18  
  167  9:32  Zergling x10  
  167  9:38  Drone x2  
  174  9:40  Zergling x16  
  174  9:41  Zergling x2  
  172  9:46  Zergling x2  
  172  9:47  Zergling x6  
  172  9:48  Hydralisk Den  
Show
View Real Time Build Order
Export as new Build Order

Rengen Protoss 

Build Orders: 1 Gate Expand, Oracle Opening, Zealot Archon, Archon Drop 

Get SALT Encoding   

  12  0:00  Probe  
  13  0:12  Probe  
  14  0:19  Pylon  
  14  0:24  Probe  
  15  0:37  Probe (Chrono Boost)  
  15  0:39  Gateway  
  16  0:47  Probe (Chrono Boost), Assimilator  
  17  0:52  Probe (Chrono Boost)  
  18  1:04  Probe  
  19  1:16  Probe  
  20  1:24  Nexus  
  20  1:35  Cybernetics Core  
  20  1:37  Probe  
  21  1:45  Assimilator  
  21  1:49  Probe  
  21  1:53  Pylon  
  22  2:02  Probe  
  23  2:09  Adept (Chrono Boost)  
  23  2:14  Probe (Chrono Boost)  
  26  2:17  Stargate  
  26  2:26  Probe (Chrono Boost)  
  26  2:28  Warp Gate  
  27  2:33  Probe (Chrono Boost)  
  27  2:36  Stalker  
  30  2:37  Probe (Chrono Boost)  
  32  2:46  Probe (Chrono Boost)  
  32  2:49  Probe (Chrono Boost)  
  33  2:53  Probe (Chrono Boost)  
  33  2:54  Probe (Chrono Boost)  
  35  3:03  Oracle (Chrono Boost)  
  35  3:04  Probe  
  39  3:09  Probe  
  40  3:13  Gateway  
  40  3:16  Probe, Pylon  
  41  3:21  Probe  
  42  3:28  Probe  
  42  3:33  Oracle (Chrono Boost)  
  44  3:40  Probe  
  47  3:43  Nexus  
  47  3:45  Probe  
  48  3:50  Pylon  
  48  3:53  Probe  
  49  3:57  Assimilator  
  49  4:00  Assimilator  
  49  4:02  Probe  
  50  4:06  Probe  
  50  4:08  Twilight Council  
  51  4:14  Forge, Probe  
  52  4:18  Probe  
  53  4:25  Robotics Facility  
  53  4:26  Probe  
  53  4:30  Probe  
  55  4:36  Charge  
  55  4:38  Probe, Gateway  
  55  4:41  Gateway  
  55  4:42  Adept, Probe  
  55  4:43  Protoss Ground Weapons Level 1 (Chrono Boost)  
  59  4:50  Probe  
  60  4:54  Probe  
  60  4:55  Pylon  
  60  4:57  Probe  
  62  5:02  Pylon  
  61  5:07  Probe  
  61  5:10  Warp Prism (Chrono Boost), Probe  
  61  5:11  Shield Battery, Probe  
  66  5:19  Probe  
  67  5:22  Probe  
  67  5:26  Probe  
  69  5:30  Templar Archives  
  69  5:31  Probe  
  69  5:33  Gateway  
  70  5:36  Probe  
  70  5:37  Gateway  
  70  5:41  Probe  
  72  5:44  Probe  
  73  5:50  Probe  
  73  5:53  Probe  
  73  5:55  Gateway  
  73  5:56  Pylon  
  73  5:58  Probe  
  73  6:00  Pylon  
  73  6:01  Gateway  
  73  6:02  Probe  
  75  6:04  Observer (Chrono Boost), Pylon  
  75  6:06  Probe  
  75  6:09  High Templar x4  
  75  6:10  Probe  
  86  6:14  Archon  
  86  6:15  Archon, Pylon  
  86  6:21  Pylon  
  86  6:24  Nexus, Probe  
  87  6:26  Probe  
  87  6:31  Probe  
  89  6:38  Pylon  
  89  6:42  Zealot x6  
  89  6:45  Blink (Chrono Boost)  
  96  6:48  Protoss Ground Weapons Level 2 (Chrono Boost)  
  96  6:51  Probe  
  96  6:52  Immortal  
  97  6:57  Assimilator  
  89  7:01  Zealot  
  89  7:02  Zealot  
  89  7:06  Zealot x2  
  97  7:10  Probe x2  
  94  7:21  Zealot x2, Probe (Chrono Boost)  
  87  7:23  Probe (Chrono Boost)  
  87  7:27  Probe (Chrono Boost)  
  77  7:32  Zealot  
  77  7:33  Zealot, Probe (Chrono Boost)  
  77  7:34  Probe (Chrono Boost)  
  77  7:35  Immortal (Chrono Boost)  
  84  7:37  Probe x2 (Chrono Boost)  
  84  7:38  Probe (Chrono Boost)  
  84  7:41  Sentry x2  
  94  7:47  Probe x2  
  94  7:48  Sentry  
  94  7:49  Probe, High Templar  
  94  7:50  High Templar  
  103  7:59  Probe x2  
  103  8:00  Stalker x2  
  103  8:01  Archon, Probe  
  110  8:06  Pylon  
  110  8:10  Stalker x3  
  110  8:12  Observer (Chrono Boost)  
  113  8:35  Stalker x5  
  119  8:46  Stalker x3  
  113  8:58  Stalker  
  113  8:59  Stalker x3  
  105  9:05  Stalker  
  105  9:08  Probe  
  105  9:09  Nexus  
  98  9:10  Pylon  
  98  9:12  Stalker x3  
  98  9:14  Assimilator  
  102  9:35  Stalker x6  
  102  9:37  Shield Battery  
  112  9:41  Stalker x2  
  104  9:59  Stalker x5  
Tags
 
Add a new tag
Caveats
  • Supply blocks, unpowered buildings, or Contaminate may cause inaccurate times.
  • Supply counts are checked every 10 seconds.